 Dungeon Sprint DCSS version 0.18.1-50-g88ac8fd (webtiles) character file.

449 Kagutsuchi the Fighter (level 6, -1/66 HPs)
             Began as a Draconian Berserker on Oct 21, 2016.
             Was a Follower of Trog.
             Slain by a blink frog (12 damage)
             ... in the Dungeon (Sprint II: "The Violet Keep of Menkaure").
             The game lasted 00:03:26 (280 turns).

Kagutsuchi the Fighter (Draconian Berserker)         Turns: 280, Time: 00:03:26

Health: -1/66      AC:  6    Str: 20    XL:     6   Next: 74%
Magic:  6/6        EV: 16    Int:  7    God:    Trog [*.....]
Gold:   94         SH:  0    Dex: 12    Spells: 0 memorised, 5 levels left

rFire  . . .     SeeInvis .     b - +0 trident
rCold  . . .     Gourm    .     (armour unavailable)
rNeg   . . .     Faith    .     (no shield)
rPois  .         Spirit   .     (helmet restricted)
rElec  .         Dismiss  .     (no cloak)
rCorr  .         Reflect  .     (no gloves)
SustAt .         Harm     .     (no boots)
MR     .....     NoTele   +     (no amulet)
Stlth  +.........               (no ring)
                                (no ring)

@: not resistant to hostile enchantments, very unstealthy
A: unfitting armour, cold-blooded, AC +6
a: Berserk, Burn Spellbooks, Renounce Religion


You were in the Dungeon.
You worshipped Trog.
Trog was aware of your devotion.
You were not hungry.

You visited 1 branch You collected 243 gold pieces.
You spent 149 gold pieces at shops.

Inventory:

Hand Weapons
 a - a +0 falchion
 b - a +0 trident (weapon)
Scrolls
 d - a scroll of identify {unknown}
 h - a scroll of blinking
Potions
 e - a potion of haste
 f - 2 potions of magic
 g - a potion of berserk rage


   Skills:
 + Level 9.7 Fighting
 + Level 9.0 Long Blades
 + Level 8.2 Dodging


You had 5 spell levels left.
You didn't know any spells.

Dungeon Overview and Level Annotations

Branches:
Dungeon (1/1)

Altars:

Shops:
D :((!!}:[==[%[(?=

Annotations:
D exclusion: oklob plant


Innate Abilities, Weirdness & Mutations

Your plain brown scales are hard (AC +6).
Your body does not fit into most forms of armour.
You are cold-blooded and may be slowed by cold attacks.


Message History

Really walk into a travel-excluded area?
The shining eye turns its gaze towards you. x2
The blink frog blinks!
There is an open door here.
There is an entrance to Bessaa's Magic Scroll Boutique here.
The shining eye turns its gaze towards you.
There is an entrance to Ganaj's Jewellery Shop here.
The blink frog completely misses you. The blink frog completely misses you.
There is an entrance to Zuras's Jewellery Boutique here.
The blink frog closely misses you.
The blink frog blinks!
There is an entrance to Onyu's Distillery here.
c - a potion of curing Thank you for shopping at Onyu's Distillery!
Drink which item? (? for menu, Esc to quit)
You feel better.
You barely miss the blink frog.
Your tail-slap misses the blink frog.
The blink frog is moderately wounded.
The blink frog closely misses you. The blink frog hits you!
You die...

+§§≈≈≈§≈§§≈
###≈§≈§≈S≈≈≈ #≈## ≈§≈S≈
############≈≈#+++#+++#
###########≈≈≈.........
##....∩.∩.#≈≈≈≈.##'##..
##...∩.∩..#≈≈≈≈##...##.
##..∩.∩...#≈≈≈≈#..#..#.
##.⌠.F@...#≈≈####.#.###
##..∩.∩...#≈## ##†##
##...∩.∩..#≈# ##.##
##....∩.∩.'≈+ +.<.+
##.....∩.∩#≈# ##.##
#▓▓▓▓▓▓▓###≈## #+#
##GGF######≈≈### #$GF#D
##≈≈≈# #∩P?+. #'#≈#


You could see 3 shining eyes, 2 spiny frogs and a blink frog.

Vanquished Creatures
  Menkaure (D)
  4 necrophages (D)
5 creatures vanquished.

Vanquished Creatures (others)
  A crocodile (D)
1 creature vanquished.

Grand Total: 6 creatures vanquished

Notes
Turn   | Place    | Note
--------------------------------------------------------------
     0 | D        | Kagutsuchi the Draconian Berserker began the quest for the Orb.
     0 | D        | Reached XP level 1. HP: 19/19 MP: 1/1
     1 | D        | Noticed a necrophage
     1 | D        | Noticed a necrophage
     1 | D        | Noticed a necrophage
     1 | D        | Noticed a necrophage
     6 | D        | Killed a necrophage
     6 | D        | Reached skill level 5 in Long Blades
     6 | D        | Reached skill level 5 in Dodging
     6 | D        | Reached XP level 2. HP: 26/30 MP: 2/2
     6 | D        | Reached XP level 3. HP: 32/37 MP: 3/3
     6 | D        | Reached XP level 4. HP: 38/44 MP: 4/4
    12 | D        | Killed a necrophage
    12 | D        | Reached XP level 5. HP: 43/52 MP: 5/5
    15 | D        | Killed a necrophage
    18 | D        | Killed a necrophage
    18 | D        | Reached XP level 6. HP: 52/63 MP: 6/6
   143 | D        | Noticed Menkaure
   149 | D        | Killed Menkaure
   151 | D        | Found Iboluc's Antique Weapon Shop.
   151 | D        | Found Bessaa's Magic Scroll Boutique.
   166 | D        | Found Huippip's Antique Armour Shop.
   166 | D        | Found Otojuivu's Food Shop.
   167 | D        | Found Ocabu's Book Boutique.
   167 | D        | Found Niebit's Antique Armour Shop.
   167 | D        | Found Zuras's Jewellery Boutique.
   167 | D        | Found Ganaj's Jewellery Shop.
   168 | D        | Found Xaoheduph's Distillery.
   168 | D        | Found Onyu's Distillery.
   168 | D        | Found Taliv's Gadget Boutique.
   169 | D        | Found Xuomn's Antique Weapon Boutique.
   169 | D        | Found Hegyque's Antique Weapon Shop.
   170 | D        | Found Qayseg's Jewellery Shop.
   170 | D        | Found Buxo's Antique Armour Boutique.
   172 | D        | Noticed a spiny frog
   173 | D        | Noticed a spiny frog
   178 | D        | Noticed an oklob plant
   178 | D        | Noticed a shining eye
   179 | D        | Found Deanaesui's Book Shoppe.
   180 | D        | Noticed a shining eye
   181 | D        | Noticed a shining eye
   187 | D        | Bought a potion of curing for 36 gold pieces
   202 | D        | Noticed a fire dragon
   205 | D        | Bought a trident for 77 gold pieces
   222 | D        | Noticed a blink frog
   268 | D        | HP: 3/66 [blink frog (11)]
   278 | D        | Bought a potion of curing for 36 gold pieces
   280 | D        | Slain by a blink frog

Skill      XL: |  1  2  3  4  5  6 |
---------------+-------------------+-----
Fighting       | 6 7 9 |  9.7
Long Blades    | 5 6 8 9 |  9.0
Dodging        | 5 6 7 8 |  8.2

Action                   |  1- 3 |  4- 6 || total
-------------------------+-------+-------++-------
Melee: Falchion          |     4 |    14 ||    18
       Tailslap          |     1 |     2 ||     3
       Trident           |       |    13 ||    13
Invok: Berserk           |     1 |     2 ||     3
  Use: Potion            |       |     4 ||     4
  Eat: Bread ration      |       |     1 ||     1
Armor: Skin              |       |     3 ||     3
Dodge: Dodged            |       |    34 ||    34
